AoeStats
← Green Assassin

Black Forest

506517836Analyzed
4v4 RM · 17d ago on Sep 13, 2026· 56m 21s· 8 players
Game mode
Random Map
Map size
Large (8 player)
Population
200
Speed
Normal
Resources
Standard
Victory
Conquest
Starting age
Dark Age
Ending age
Imperial Age
RankedLock teamsTeams togetherTeam positionsShared explorationLock speedFull tech treeHidden civsTurbo modeCheats
Victory
Defeat
🇩🇪 Persians · Germany
1120
+16
🇵🇱 Malians · Poland
1117
+16
🇫🇷 Persians · France
1114
+16
🇩🇪 Japanese · Germany
1107
+16
🇲🇽 Wei · Mexico
1155
-18
🇺🇸 Khmer · United States
1133
-17
🇬🇧 Wu · United Kingdom
1083
-15
🇨🇱 Celts · Chile
1075
-14
Green Assassin
0:29 Loom
11:25 Feudal Age
17:42 Castle Age
15:50 Fishing Lines
16:41 Double-Bit Axe
18:39 Wheelbarrow
19:29 Town Watch
22:36 Pikeman
25:39 Scale Mail Armor
28:42 Gillnets
29:29 Hand Cart
30:01 Chain Mail Armor
30:14 Horse Collar
34:51 Imperial Age
32:34 Forging
32:34 Heavy Plow
32:49 Bow Saw
32:55 Fletching
33:51 Gold Mining
33:52 Stone Mining
34:45 Caravan
35:15 Fortified Wall
35:26 Ballistics
35:52 Iron Casting
36:00 Kataparuto
35:58 Siege Engineers
36:54 Conscription
36:34 Halberdier
37:14 Squires
37:00 Arson
37:31 Elite Samurai
39:20 Chemistry
39:25 Plate Mail Armor
40:03 Blast Furnace
41:55 Onager
51:17 Two-Man Saw
53:02 Gambesons
52:37 Man-at-Arms
Sahraoui
6:26 Loom
11:45 Feudal Age
15:38 Castle Age
15:01 Double-Bit Axe
17:05 Wheelbarrow
17:12 Horse Collar
18:04 Bow Saw
18:07 Fishing Lines
22:53 Hand Cart
23:05 Gillnets
26:07 Gold Mining
27:19 Bloodlines
29:47 Imperial Age
27:25 Scale Barding Armor
27:36 Forging
28:30 Gold Shaft Mining
28:23 Husbandry
30:02 Chain Barding Armor
30:17 Iron Casting
29:36 Cavalier
30:32 Stone Mining
32:40 Savar
32:56 Light Cavalry
33:36 Town Watch
34:58 Stone Shaft Mining
34:25 Town Patrol
35:39 Blast Furnace
35:14 Plate Barding Armor
34:01 Heavy Camel Rider
34:35 Elite War Elephant
35:40 Conscription
35:56 Hoardings
37:22 Kamandaran
37:51 Fletching
38:01 Padded Archer Armor
38:02 Scale Mail Armor
38:28 Ballistics
39:09 Chemistry
38:36 Hussar
40:19 Crossbowman
41:04 Thumb Ring
46:41 Bodkin Arrow
47:01 Leather Archer Armor
47:27 Masonry
47:13 Murder Holes
47:32 Citadels
49:54 Caravan
51:32 Ring Archer Armor
51:18 Chain Mail Armor
53:48 Plate Mail Armor
56:38 Guard Tower
57:19 Architecture
kert_qt
10:10 Feudal Age
14:10 Castle Age
12:54 Double-Bit Axe
15:25 Bow Saw
17:50 Loom
19:56 Horse Collar
21:40 Wheelbarrow
22:26 Hand Cart
23:23 Heavy Plow
25:56 Scale Barding Armor
26:03 Forging
25:51 Gold Mining
29:08 Imperial Age
29:34 Town Watch
30:59 Two-Man Saw
30:31 Crop Rotation
33:23 Gold Shaft Mining
32:40 Stone Mining
33:17 Chain Barding Armor
33:33 Iron Casting
34:47 Chemistry
34:06 Elite War Elephant
36:34 Blast Furnace
37:53 Plate Barding Armor
37:26 Kamandaran
38:22 Husbandry
38:33 Bloodlines
39:04 Stone Shaft Mining
39:10 Ballistics
40:32 Fletching
40:43 Padded Archer Armor
40:50 Thumb Ring
44:08 Onager
46:24 Caravan
49:26 Devotion
Helenka
0:59 Loom
12:29 Feudal Age
13:34 Double-Bit Axe
16:48 Castle Age
18:56 Wheelbarrow
19:39 Bow Saw
22:35 Fishing Lines
25:46 Horse Collar
27:47 Gold Mining
27:47 Stone Mining
28:00 Heavy Plow
33:16 Imperial Age
31:02 Hand Cart
32:16 Gold Shaft Mining
32:17 Stone Shaft Mining
34:18 Forging
34:13 Scale Mail Armor
35:15 Crop Rotation
34:18 Elite Gbeto
35:19 Conscription
35:00 Tigui
36:46 Iron Casting
36:27 Chain Mail Armor
37:50 Plate Mail Armor
41:40 Man-at-Arms
42:21 Squires
42:07 Arson
43:22 Gillnets
44:09 Long Swordsman
45:03 Two-Handed Swordsman
46:00 Champion
49:09 Caravan
54:05 Chemistry
53:25 Ballistics
52:57 Onager
cast_iron_63
0:27 Loom
12:56 Feudal Age
15:50 Castle Age
13:37 Double-Bit Axe
13:45 Stone Mining
13:48 Gold Mining
13:44 Horse Collar
16:19 Bloodlines
23:35 Husbandry
23:07 Light Cavalry
25:18 Forging
26:20 Scale Barding Armor
32:12 Wheelbarrow
32:38 Town Watch
35:52 Imperial Age
34:04 Gold Shaft Mining
33:44 Bow Saw
34:21 Chain Barding Armor
35:30 Hand Cart
37:30 Double Crossbow
39:36 Chemistry
38:57 Ballistics
38:57 Elite Ballista Elephant
41:51 Town Patrol
50:00 Fletching
50:46 Plate Barding Armor
Dorek xD
0:43 Loom
13:17 Feudal Age
18:14 Castle Age
19:46 Caravan
19:41 Double-Bit Axe
20:00 Horse Collar
20:32 Bow Saw
30:08 Ballistics
32:31 Imperial Age
31:01 Wheelbarrow
31:59 Fortified Wall
32:31 Hand Cart
34:21 Ballistics
35:02 Chemistry
33:59 Heavy Hei Guang Cavalry
35:16 Heavy Plow
35:50 Husbandry
36:00 Bloodlines
38:27 Parthian Tactics
38:08 Thumb Ring
40:22 Fletching
40:32 Padded Archer Armor
41:31 Bodkin Arrow
41:51 Forging
42:35 Masonry
42:38 Bracer
42:53 Leather Archer Armor
43:22 Iron Casting
42:52 Scale Barding Armor
47:31 Pikeman
48:12 Squires
49:16 Blast Furnace
48:17 Scale Mail Armor
48:48 Ring Archer Armor
48:39 Chain Barding Armor
48:44 Halberdier
50:36 Chain Mail Armor
House of Bebu
9:03 Loom
11:22 Feudal Age
15:35 Castle Age
13:49 Double-Bit Axe
14:06 Horse Collar
16:54 Bow Saw
23:23 Fishing Lines
24:36 Gillnets
26:45 Heavy Plow
27:56 Forging
27:46 Scale Mail Armor
27:44 Gold Mining
27:45 Stone Mining
29:04 Wheelbarrow
29:00 Squires
30:05 Gold Shaft Mining
30:10 Stone Shaft Mining
29:18 Pikeman
29:44 Arson
30:20 Hand Cart
31:00 Fletching
31:05 Treadmill Crane
32:03 Iron Casting
32:13 Chain Mail Armor
31:53 Bodkin Arrow
31:59 Padded Archer Armor
33:14 Caravan
35:49 Imperial Age
33:54 Sanctity
33:34 Devotion
33:42 Atonement
33:56 Fervor
34:46 Murder Holes
36:05 Redemption
37:50 Blast Furnace
37:21 Plate Mail Armor
36:52 Bracer
37:07 Leather Archer Armor
37:58 Two-Man Saw
36:25 Halberdier
37:48 Theocracy
37:41 Illumination
37:20 Devotion
38:56 Guilds
42:41 Conscription
42:22 Red Cliffs Tactics
41:42 Elite Fire Archer
42:28 Sitting Tiger
42:48 Man-at-Arms
44:25 Long Swordsman
46:37 Two-Handed Swordsman
47:47 Champion
52:04 Ballistics
52:44 Chemistry
51:56 Masonry
Komposita
0:28 Loom
13:14 Feudal Age
14:04 Double-Bit Axe
14:00 Horse Collar
16:55 Castle Age
22:05 Pikeman
29:21 Bow Saw
29:13 Heavy Plow
34:25 Imperial Age
32:31 Wheelbarrow
31:41 Town Watch
34:42 Forging
34:33 Scale Mail Armor
34:23 Fletching
35:04 Heavy Scorpion
35:05 Capped Ram
36:04 Gold Mining
36:06 Stone Mining
36:34 Chain Mail Armor
36:54 Iron Casting
37:32 Siege Engineers
37:49 Ballistics
37:50 Siege Ram
39:04 Conscription
38:53 Caravan
39:22 Bodkin Arrow
39:58 Plate Mail Armor
40:03 Iron Casting
40:33 Chemistry
39:43 Halberdier
40:39 Stronghold
41:05 Masonry
40:35 Halberdier
42:35 Plate Mail Armor
42:40 Iron Casting
43:40 Furor Celtica
46:55 Conscription
49:35 Blast Furnace
47:58 Man-at-Arms
48:25 Gambesons
Connection lost

Rejoining the realm…

Still unreachable

The connection could not be restored.

Session expired

The server has moved on; the page needs a fresh start.